 Dungeon Crawl Stone Soup version 0.22.0-60-ga52c2fc (webtiles) character file.

90 Monsterracer the Poker (level 4, -1/36 HPs)
             Began as a Barachi Fighter on Sept 9, 2018.
             Slain by an orc
             ... wielding a cursed -2 whip
              (3 damage)
             ... on level 2 of the Dungeon.
             The game lasted 00:02:36 (1635 turns).

Monsterracer the Poker (Barachi Fighter)            Turns: 1635, Time: 00:02:36

Health: -1/36      AC:  8    Str: 18    XL:     4   Next: 56%
Magic:  4/4        EV:  7    Int:  8    God:
Gold:   153        SH:  9    Dex: 12    Spells: 3/3 levels left

rFire    . . .     SeeInvis .   a - +0 trident
rCold    . . .     Gourm    .   f - +0 shield
rNeg     . . .     Faith    .   b - +0 scale mail
rPois    .         Spirit   .   (no helmet)
rElec    .         Reflect  .   (no cloak)
rCorr    .         Harm     .   m - +0 pair of gloves (curse)
MR       .....                  (no boots)
Stlth    ..........             (no amulet)
HPRegen  0.12/turn              e - ring of wizardry
MPRegen  0.09/turn              (no ring)

@: can't hop, slow
A: +LOS, swims, slowness 1, strong legs 1
a: Hop


You were on level 2 of the Dungeon.
You were not hungry.

You visited 1 branch of the dungeon, and saw 3 of its levels.

You collected 153 gold pieces.

Inventory:

Hand Weapons
 a - a +0 trident (weapon)
Armour
 b - a +0 scale mail (worn)
 f - a +0 shield (worn)
 m - a cursed +0 pair of gloves (worn)
Jewellery
 e - a ring of wizardry (left hand)
Scrolls
 g - 2 scrolls of fog {unknown}
 k - a scroll of teleportation {unknown}
Potions
 d - a potion of invisibility {unknown}
 h - a potion of might
 i - a potion of mutation {unknown}
 j - a potion of agility
 l - a potion of curing {unknown}
 n - a potion of heal wounds {unknown}
Comestibles
 c - 5 rations


   Skills:
 - Level 3.6 Fighting
 * Level 4.6 Polearms
 - Level 3.6 Armour
 - Level 3.2 Shields


You had 3 spell levels left.
You didn't know any spells.
Your spell library was empty.

Dungeon Overview and Level Annotations

Branches:
Dungeon (3/15)

Altars:
Dithmenos
Yredelemnul
The Shining One

Annotations:
D:3 Robin, Terence


Innate Abilities, Weirdness & Mutations

Shadows flee at your approach. (+LOS)
You can swim through water.
You cover ground slowly.
You can hop short distances.


Message History

a hand axe; a ring mail; a club; an orc corpse The hobgoblin no longer looks unusually strong.
You see here a club.
An orc comes into view. It is wielding a dagger.
Robin roars a battlecry!
The hobgoblin goes into a battle-frenzy!
You hear a shout!
Terence the Incautious comes into view.
He is wielding a mace.
Terence shouts!
You hear a shout!
An orc comes into view. It is wielding a whip.
Found a silvery potion.
Found a stone staircase leading up.
The hobgoblin barely misses you.
A goblin comes into view. It is wielding a club.
Robin says, "My army is invincible!"
Robin closely misses you.
Robin roars a battlecry!
The hobgoblin goes into a battle-frenzy!
You hear a shout!
The hobgoblin hits you but does no damage.
A goblin comes into view.
The goblin shouts!
You hear a shout!
The orc throws a tomahawk.
You block the tomahawk.
The orc throws a tomahawk.
You block the tomahawk.
You see here 2 tomahawks.
Robin roars a battlecry!
The goblin goes into a battle-frenzy!
The hobgoblin hits you with a club.
* * * LOW HITPOINT WARNING * * *
You take 2 damage, and have 9/36 hp. 3 goblins and a hobgoblin come into view.
The goblin shouts!
The hobgoblin shouts!
The goblin shouts! x2
Robin zaps a wand.
You resist with some effort.
It is a wand of polymorph (7).
The goblin wields a hunting sling.
The goblin shoots a sling bullet.
The sling bullet hits you but does no damage.
You see here a sling bullet.
Robin is no longer moving quickly.
The goblin unwields an uncursed hunting sling.
You block the goblin's attack. x2
Robin's bangles clink loudly.
Robin roars a battlecry!
The goblins go into a battle-frenzy!
You block the goblin's attack. The goblin completely misses you.
The hobgoblin hits you but does no damage.
Found a cloak.
Robin roars a battlecry!
The goblin goes into a battle-frenzy!
A jackal comes into view.
The jackal barks!
A jackal comes into view.
Found a stone staircase leading down.
A jackal comes into view.
The jackal barks! x2
You block the goblin's attack. You block the jackal's attack.
The goblin wields an uncursed hunting sling.
The goblin shoots a sling bullet.
The sling bullet hits you.
* * * LOW HITPOINT WARNING * * *
You see here a sling bullet.
You take 6 damage, and have 4/36 hp.
You block the jackal's attack. The jackal bites you.
* * * LOW HITPOINT WARNING * * *
You take 2 damage, and have 3/36 hp.
The hobgoblin no longer looks unusually strong.
Robin laughs in a distinctly smug fashion.
Robin roars a battlecry!
The hobgoblins go into a battle-frenzy!
There is a stone staircase leading down here.
A jackal comes into view.
The jackal barks!
You hear a bark!
Hop to where?
Press: ? - help, Dir - move target cursor Boing!
The orc hits you but does no damage.
There is a stone staircase leading up here.
The jackal barely misses you. The orc hits you with a whip.
* * * LOW HITPOINT WARNING * * *
You climb upwards.
There is a stone staircase leading down here.
Unknown command.
Unknown command.
Unknown command.
You take 2 damage, and have 2/36 hp.
Unknown command.
Unknown command.
You block the jackal's attack. The orc hits you but does no damage.
The jackal bites you.
* * * LOW HITPOINT WARNING * * *
You take 1 damage, and have 1/36 hp.
You hit the jackal.
The jackal is lightly wounded.
The jackal bites you but does no damage.
You hit the jackal.
You kill the jackal!
The orc hits you with a whip.
* * * LOW HITPOINT WARNING * * *
You take 1 damage, and have 1/36 hp.
The orc hits you with a whip.
You die...

######........................
#.#.#.#.#.#.#.#.....รท....
##.............#......... #######
##.#.#.#.#.#.#........... ......#
#...............#........
......###.####.........###.......
.........>## #.######....#......#
...........###.o......##........#
....#.#.#.#....#@#######........#
..)..........###...[.............
##.#.#.#.#.#.................#..#
##...........##.....#...........#
#.#.#.#.#.#.#...#####.##.<.......
................#.....##.........
.#.#.#.#.#.#.#.##.#######......#.
.))...........#...##..........##.
..#.#.#.#.#.#...##............##.


You could see an orc.

Vanquished Creatures
  A gnoll (D:1)
  2 adders (D:3)
  An ooze (D:1)
  A worm (D:3)
  4 dart slugs (D:1)
  A leopard gecko (D:2)
  2 orcs (D:3)
  3 bats
  7 goblins
  6 hobgoblins
  A jackal (D:2)
  2 ball pythons (D:1)
  4 frilled lizards
  5 kobolds
  8 rats
48 creatures vanquished.

Notes
Turn   | Place    | Note
-------+----------+-------------------------------------------
     0 | D:1      | Monsterracer the Barachi Fighter began the quest for the
                  | Orb.
     0 | D:1      | Reached XP level 1. HP: 18/18 MP: 1/1
    59 | D:1      | Reached XP level 2. HP: 22/24 MP: 2/2
   243 | D:1      | Reached skill level 3 in Polearms
   329 | D:1      | HP: 9/24 [gnoll/flail (6)]
   340 | D:1      | Reached XP level 3. HP: 13/29 MP: 3/3
  1067 | D:2      | Reached skill level 4 in Polearms
  1298 | D:3      | Reached XP level 4. HP: 32/36 MP: 4/4
  1351 | D:3      | Found a basalt altar of Yredelemnul.
  1352 | D:3      | Noticed a profane servitor
  1356 | D:3      | Found a glowing golden altar of the Shining One.
  1357 | D:3      | Noticed an angel
  1463 | D:3      | Found a shadowy altar of Dithmenos.
  1576 | D:3      | Noticed Robin
  1582 | D:3      | HP: 15/36 [hobgoblin/club[Robin] (5)]
  1591 | D:3      | Noticed Terence
  1603 | D:3      | HP: 9/36 [hobgoblin/club[Robin] (2)]
  1613 | D:3      | HP: 4/36 [goblin/sling bullet[Robin] (6)]
  1623 | D:3      | HP: 2/36 [orc/whip (2)]
  1630 | D:2      | HP: 1/36 [orc/whip (1)]
  1635 | D:2      | Slain by an orc

Skill      XL: |  1  2  3 |
---------------+----------+-----
Polearms       | 3 4 |  4.6
Fighting       | |  3.6
Armour         | |  3.6
Shields        | |  3.2

Action                   |  1- 3 |  4- 6 || total
-------------------------+-------+-------++-------
Melee: Trident           |   100 |    67 ||   167
 Abil: Hop               |       |     1 ||     1
  Use: Potion            |     1 |       ||     1
  Eat: Chunk             |     2 |     1 ||     3
Armor: Scale mail        |    31 |    36 ||    67
Dodge: Dodged            |    26 |    20 ||    46
Block: Shield            |    40 |    38 ||    78

Vault maps used:
D:1:      minmay_arrival_doors
D:2:      first_ration, minmay_misc_feat_five, hex_large, fountainhead,
          hex_medium
D:3:      grunt_temple_overflow_holy_war, marbit_many_paths,
          nicolae_dithmenos_shadow_blocks, uniq_robin, uniq_terence
